 Dungeon Crawl Stone Soup version 0.29.1-15-g9cfb28693d (webtiles) character file.

Game seed: 6247798264470354180

7 ChiefBigBeans the Magician (level 2, -2/18 HPs)
             Began as an Octopode Hedge Wizard on Feb 28, 2023.
             Slain by a goblin
             ... wielding a +0 dagger
              (4 damage)
             ... on level 1 of the Dungeon.
             The game lasted 00:01:33 (330 turns).

ChiefBigBeans the Magician (Octopode Hedge Wizard)   Turns: 330, Time: 00:01:34

Health: -2/18      AC:  1    Str:  9    XL:     2   Next: 0%
Magic:  6/6        EV: 13    Int: 16    God:
Gold:   30         SH:  0    Dex: 11    Spells: 6/7 levels left

rFire   . . .      SeeInvis .   a - +0 dagger
rCold   . . .      Faith    .   (no shield)
rNeg    . . .      Spirit   .   b - +0 hat
rPois   .          Reflect  .   (no amulet)
rElec   .          Harm     .   (no ring)
rCorr   .          Rampage  .   (no ring)
Will    .....                   (no ring)
Stlth   +++.......              (no ring)
HPRegen 0.06/turn               (no ring)
MPRegen 0.10/turn               (no ring)
                                (no ring)
                                (no ring)

@: no status effects
A: almost no armour, amphibious, 8 rings, camouflage 1, gelatinous body 1,
(nimble swimmer 1), tentacles
a: no special abilities


You were on level 1 of the Dungeon.
You visited 1 branch of the dungeon, and saw 1 of its levels.

You collected 30 gold pieces.

Inventory:

Hand Weapons
 a - a +0 dagger (weapon)
Armour
 b - a +0 hat (worn)
 d - a +0 kite shield
Scrolls
 e - a scroll of fog {unknown}
 h - a scroll of noise {unknown}
Potions
 c - a potion of magic
 f - a potion of curing {unknown}
 g - a potion of mutation {unknown}


   Skills:
 + Level 0.5 Fighting
 + Level 0.2 Short Blades
 + Level 2.0 Dodging
 + Level 2.8 Stealth
 + Level 3.0 Spellcasting
 - Level 1.0 Conjurations
 - Level 1.0 Summonings
 + Level 1.2 Translocations


You had 6 spell levels left.
You knew the following spells:

 Your Spells              Type           Power      Damage    Failure   Level
a - Magic Dart            Conj           20%        1d4       12%         1

Your spell library contained the following spells:

 Spells                   Type           Power      Damage    Failure   Level
 Blink                    Tloc           12%        N/A       17%         2
 Slow                     Hex            8%         N/A       19%         1
 Call Imp                 Summ           5%         N/A       19%         2
 Conjure Flame            Conj/Fire      4%         6-21      41%         3
 Mephitic Cloud           Conj/Pois/Air  3%         N/A       43%         3


Dungeon Overview and Level Annotations

Branches:
Dungeon (1/15)

Altars:


Innate Abilities, Weirdness & Mutations

You cannot wear most types of armour.
You are amphibious.
You can wear up to eight rings at the same time.
Your skin changes colour to match your surroundings (Stealth+).
Your rubbery body absorbs attacks. (AC +1, EV +1)
((You are camouflaged when in or above water. (Stealth+)))
You have tentacles for arms and can constrict up to eight enemies at once.


Message History

You constrict the giant cockroach, but do no damage.
The giant cockroach misses you.
You hit the giant cockroach.
The giant cockroach is moderately wounded.
You constrict the giant cockroach. The giant cockroach closely misses you.
The goblin misses you.
You hit the giant cockroach but do no damage.
The giant cockroach is heavily wounded.
You constrict the giant cockroach. The giant cockroach barely misses you.
The goblin closely misses you.
You hit the giant cockroach but do no damage.
The giant cockroach is severely wounded.
You constrict the giant cockroach. The giant cockroach closely misses you.
The goblin closely misses you. The goblin hits you with a +0 club.
You hit the giant cockroach but do no damage.
The giant cockroach is almost dead.
You constrict the giant cockroach.
You kill the giant cockroach!
The goblin misses you. The goblin hits you with a +0 club.
You hit the goblin. You grab the goblin.
The goblin is moderately wounded.
You constrict the goblin. The goblin misses you. The goblin closely misses you.
You hit the goblin.
You kill the goblin!
The goblin hits you with a +0 dagger.
* * * LOW HITPOINT WARNING * * *
You have reached level 2!
You are too injured to fight recklessly!
You are too injured to fight recklessly!
You are too injured to fight recklessly!
You are too injured to fight recklessly!
The goblin closely misses you.
Things that are here:
a +0 club; a goblin corpse You closely miss the goblin.
Your grab misses the goblin. The goblin hits you with a +0 dagger.
* * * LOW HITPOINT WARNING * * *
You closely miss the goblin. You grab the goblin. You constrict the goblin.
The goblin hits you with a +0 dagger.
You die...

#.......# #.......#
#### ####...## ...##
#....######.#...
#.....#...#...#
###..#..#.#...#.#
....)...........#
.........##.#.#..##.
............@.......
......##...†g?..###.
...... #............
..... #......######
.... ..##....# ###
### ... #....# ..#
..> #..### #.# .#
..>. #.#


You could see a goblin.

Vanquished Creatures
  An endoplasm (D:1)
  A giant cockroach (D:1)
  2 goblins (D:1)
  3 rats (D:1)
7 creatures vanquished.

Notes
Turn   | Place    | Note
-------+----------+-------------------------------------------
     0 | D:1      | ChiefBigBeans the Octopode Hedge Wizard began the quest for
                  | the Orb.
     0 | D:1      | Reached XP level 1. HP: 11/11 MP: 4/4
   328 | D:1      | Reached XP level 2. HP: 5/18 MP: 6/6
   330 | D:1      | Slain by a goblin

Illustrated notes

Levels and vault maps discovered:
D:1:      sevenhm_arrival_forest_fort_small_3, layout_basic,
          hellmonk_ecumenical_altar_dog_temple

Action                   || total
-------------------------++-------
Melee: Dagger            ||    15
       Constrict         ||     5
       Tentacles         ||     2
 Stab: Sleeping          ||     1
Dodge: Dodged            ||    14
